Map: King's Cove LE

Players

Akriman - Winner!

  • Race: Zerg Zerg
  • League: Diamond
  • Spawn Location: 11:00

Kolo

  • Race: Terran Terran
  • League: Diamond
  • Spawn Location: 5:00

VOD

Have the link to the VOD?

Description

Time

  • Played on: May 30, 2019, 8:25 a.m.
  • Length: 13:38
Show
View Real Time Build Order
Export as new Build Order

Akriman Zerg - Winner!

Build Orders: Pool First 

Get SALT Encoding   

  12  0:01  Drone  
  13  0:13  Overlord  
  13  0:19  Drone  
  14  0:31  Drone x2  
  17  0:35  Drone  
  17  0:52  Spawning Pool  
  16  0:59  Drone x2  
  18  1:19  Hatchery, Extractor  
  16  1:38  Zergling x6  
  19  1:53  Queen  
  21  2:05  Overlord  
  21  2:06  Roach Warren  
  20  2:49  Roach x5  
  28  3:15  Queen x2  
  28  3:17  Drone  
  28  3:18  Overlord  
  32  3:36  Drone x4  
  32  3:38  Drone  
  32  3:39  Drone  
  38  3:49  Metabolic Boost  
  38  4:06  Zergling x10  
  43  4:37  Hatchery  
  43  4:38  Spore Crawler x2  
  39  4:39  Drone  
  39  4:40  Drone  
  39  4:41  Drone x2  
  34  4:54  Drone x4  
  38  5:00  Overlord  
  38  5:16  Lair  
  38  5:25  Roach x4  
  38  5:27  Drone  
  47  5:29  Drone  
  47  5:31  Drone  
  47  6:06  Queen  
  47  6:08  Drone  
  47  6:09  Drone x8  
  47  6:10  Overlord  
  58  6:14  Overlord  
  58  6:15  Overlord  
  58  6:27  Queen x2  
  58  6:28  Roach, Extractor  
  58  6:29  Roach  
  61  6:45  Hydralisk Den, Drone x3  
  61  6:46  Roach  
  66  6:47  Roach, Baneling Nest  
  65  6:58  Glial Reconstitution  
  65  7:01  Roach x4  
  73  7:31  Extractor x2  
  73  7:32  Drone x3  
  73  7:34  Drone x3  
  73  7:37  Muscular Augments  
  77  7:42  Hydralisk x2  
  76  7:59  Overseer  
  76  8:01  Queen  
  76  8:11  Drone  
  76  8:12  Drone x7  
  82  8:21  Centrifical Hooks  
  82  8:23  Overlord  
  82  8:24  Overlord x3  
  82  8:31  Spore Crawler  
  82  8:32  Drone  
  82  8:40  Hatchery  
  81  8:41  Queen  
  76  8:52  Roach  
  76  8:53  Roach x11  
  94  9:03  Drone  
  94  9:04  Drone  
  94  9:05  Drone  
  97  9:12  Evolution Chamber  
  96  9:21  Infestation Pit, Grooved Spines  
  95  9:29  Hydralisk  
  95  9:30  Hydralisk x3  
  102  9:38  Overlord x3  
  100  9:40  Overlord x2  
  100  9:42  Zerg Missile Weapons Level 1  
  100  9:48  Drone x6  
  106  9:55  Queen  
  106  9:56  Drone  
  106  9:57  Drone  
  110  10:01  Drone  
  110  10:02  Drone x2  
  112  10:12  Roach x4  
  110  10:31  Drone  
  110  10:32  Drone x2  
  110  10:33  Drone x7  
  114  10:44  Overseer  
  114  10:47  Drone  
  114  10:48  Drone x5  
  118  10:54  Drone x6  
  122  10:59  Pneumatized Carapace  
  120  11:08  Extractor  
  117  11:12  Hydralisk x6  
  129  11:20  Spore Crawler  
  126  11:27  Overseer  
  121  11:44  Hydralisk  
  121  11:45  Hydralisk x11  
  143  11:53  Drone x4  
  143  11:54  Drone x3  
  144  11:57  Zergling x2  
  144  11:58  Zergling x4  
  143  12:04  Ravager  
  143  12:08  Zergling x8  
  145  12:09  Zergling x6  
  145  12:12  Queen  
  151  12:29  Drone x3  
  143  12:30  Drone  
  143  12:31  Drone x6  
  143  12:34  Zergling x2  
  133  13:00  Zergling x4, Hydralisk x10  
  137  13:16  Roach x7  
  137  13:19  Overlord x3  
  141  13:27  Extractor  
Show
View Real Time Build Order
Export as new Build Order

Kolo Terran 

Build Orders: Gas First Reaper Expand, Hellion Banshee 

Get SALT Encoding   

  12  0:00  SCV  
  13  0:13  SCV  
  14  0:19  Supply Depot  
  14  0:25  SCV  
  15  0:29  Refinery  
  15  0:41  SCV  
  16  0:47  Barracks  
  16  0:53  SCV  
  17  1:05  SCV  
  18  1:17  SCV  
  19  1:34  Orbital Command  
  19  1:35  Reaper  
  20  1:49  Command Center  
  20  2:01  SCV  
  20  2:04  Factory  
  20  2:08  Barracks Reactor  
  20  2:15  Supply Depot  
  20  2:18  SCV  
  21  2:23  Refinery  
  21  2:30  SCV  
  22  2:42  SCV  
  26  2:54  Starport  
  21  3:00  SCV  
  22  3:08  Hellion x2  
  22  3:09  Barracks Tech Lab  
  25  3:14  SCV  
  26  3:31  SCV  
  27  3:40  Hellion x2  
  31  3:45  Armory  
  31  3:46  SCV  
  32  3:52  Banshee  
  35  4:08  SCV  
  36  4:12  Orbital Command  
  36  4:16  Hellion  
  38  4:21  Hellion  
  38  4:22  Barracks Tech Lab  
  37  4:27  SCV  
  30  4:39  Supply Depot  
  30  4:40  SCV  
  29  4:52  SCV  
  29  4:54  Hellion x2  
  33  5:04  SCV x2  
  35  5:08  Cloaking Field  
  35  5:17  SCV  
  36  5:26  Hellion x2  
  40  5:29  SCV  
  40  5:32  SCV  
  40  5:35  Supply Depot  
  42  5:39  Banshee  
  42  5:41  SCV  
  44  6:00  SCV  
  44  6:01  Hellion x2  
  44  6:03  SCV  
  50  6:12  SCV  
  50  6:16  SCV  
  52  6:24  SCV  
  53  6:28  Banshee  
  49  6:40  SCV x2  
  49  6:42  Hellion  
  53  6:47  Command Center  
  53  6:49  Refinery  
  53  6:50  Refinery  
  53  6:52  SCV  
  54  6:57  SCV  
  55  7:02  Supply Depot  
  55  7:03  Supply Depot  
  55  7:04  SCV  
  56  7:09  SCV  
  56  7:11  Banshee  
  60  7:16  SCV  
  60  7:21  SCV  
  60  7:24  Hyperflight Rotors  
  60  7:28  SCV  
  61  7:33  SCV, Supply Depot  
  61  7:34  Hellion  
  61  7:35  Hellion  
  66  7:41  SCV  
  67  7:46  SCV  
  62  7:53  SCV  
  62  7:57  Hellion x2  
  61  8:12  SCV x2  
  60  8:16  Factory x2, Orbital Command  
  60  8:22  Hellion  
  60  8:24  SCV x2  
  64  8:27  Terran Vehicle Weapons Level 1  
  64  8:31  Supply Depot  
  64  8:36  SCV x2  
  58  8:53  SCV x2  
  58  8:54  Banshee, Hellion x2  
  60  8:56  Orbital Command  
  60  8:57  Supply Depot  
  60  9:05  SCV x2  
  60  9:06  Factory Tech Lab  
  60  9:08  Factory x2  
  62  9:14  Factory Tech Lab  
  62  9:17  SCV x2  
  62  9:19  Hellion x2  
  68  9:24  SCV  
  68  9:27  Armory  
  68  9:29  SCV x2  
  71  9:34  Cyclone x2  
  71  9:36  SCV  
  71  9:37  Banshee  
  71  9:38  Drilling Claws  
  81  9:41  SCV x2  
  83  9:48  SCV  
  84  9:56  SCV  
  84  9:59  Factory Tech Lab  
  85  10:00  Factory Tech Lab  
  85  10:14  SCV  
  85  10:15  Cyclone  
  85  10:16  Cyclone  
  91  10:30  Orbital Command  
  91  10:35  Cyclone x2, Hellion x2  
  81  10:48  Hellion  
  83  10:57  Cyclone, Hellion  
  83  10:58  SCV, Hellion  
  83  10:59  Supply Depot  
  91  11:07  Cyclone  
  94  11:15  SCV x3  
  97  11:19  Hellion x2  
  101  11:27  SCV x2  
  103  11:34  SCV  
  103  11:35  Cyclone x3  
  103  11:36  Terran Vehicle And Ship Armor Level 1  
  103  11:39  Cyclone, SCV, Refinery  
  117  11:40  Refinery  
  108  12:06  Hellion x2  
  108  12:07  Siege Tank x2  
  108  12:08  SCV x3  
  119  12:12  Supply Depot  
  119  12:14  Supply Depot  
  116  12:27  Hellion x2  
  102  12:32  Cyclone x2  
  108  12:37  SCV x2  
  108  12:39  Cyclone, Hellion  
  103  13:01  SCV  
Tags
 
Add a new tag
Caveats
  • Supply blocks, unpowered buildings, or Contaminate may cause inaccurate times.
  • Supply counts are checked every 10 seconds.